[ AOE2 MATCH · #513670844 ]
UnrankedGurjaras vs Romans
Player's team · LOSS
Rival team · WIN
[ REPLAY ANALYSIS · EXTRACTED FROM THE RECORDED GAME ]
Feudal
9:19
Castle
—
Imperial
—
| APM avg | 66.6 |
| APM peak | 86 |
| eAPM avg | 28.0 |
| Villagers / military | 67 / 36 |
Focus
⚔️ 45.3% · 🌾 54.7%
Militia ×26 · Archer ×8 · Skirmisher ×2
Feudal
8:51
Castle
25:54
Imperial
—
| APM avg | 77.7 |
| APM peak | 101 |
| eAPM avg | 34.1 |
| Villagers / military | 112 / 77 |
Focus
⚔️ 44.1% · 🌾 55.9%
Militia ×77
Match map
Initial resources + every placement click. Lines = walls · curves = elevation contours. ◆ gold · ⬟ stone · ● berries · ✦ relic · ◌ wall gap
Your base· Open — unwalled flank
Oni.Lewis's base· Open — unwalled flank
Smoothed initial terrain · ◌ = detected wall gap · hover for details
Inputs per minute
— mentalist_ - - Oni.Lewis
Build order — mentalist_
First 150 of 185 actions detected
| 0:01 | Queue | Villager (Male) |
| 0:03 | Build | House |
| 0:23 | Queue | Villager (Male) |
| 0:23 | Queue | Villager (Male) |
| 0:23 | Queue | Villager (Male) |
| 0:27 | Build | House |
| 0:39 | Build | Mill |
| 1:36 | Queue | Villager (Male) |
| 1:36 | Queue | Villager (Male) |
| 2:02 | Queue | Villager (Male) |
| 2:25 | Queue | Villager (Male) |
| 2:47 | Queue | Villager (Male) |
| 2:47 | Queue | Villager (Male) |
| 3:11 | Queue | Villager (Male) |
| 3:11 | Queue | Villager (Male) |
| 3:15 | Build | Lumber Camp |
| 3:34 | Queue | Villager (Male) |
| 3:47 | Queue | Villager (Male) |
| 4:12 | Build | House |
| 4:20 | Queue | Villager (Male) |
| 4:32 | Queue | Villager (Male) |
| 4:53 | Queue | Villager (Male) |
| 5:13 | Queue | Villager (Male) |
| 5:27 | Build | Barracks |
| 5:52 | Build | House |
| 5:57 | Queue | Villager (Male) |
| 6:08 | Queue | Villager (Male) |
| 6:27 | Research | Loom |
| 7:09 | Research | Feudal Age |
| 7:20 | Build | Mining Camp |
| 7:28 | Queue | Militia |
| 7:50 | Queue | Militia |
| 8:22 | Queue | Militia |
| 8:35 | Build | House |
| 8:39 | Build | Palisade Wall |
| 8:40 | Build | Palisade Wall |
| 8:42 | Build | Palisade Wall |
| 9:19 | Age | Feudal Age |
| 9:24 | Research | Man-at-Arms (upgrade) |
| 9:26 | Queue | Villager (Male) |
| 9:38 | Queue | Villager (Male) |
| 9:40 | Build | House |
| 9:51 | Build | Archery Range |
| 9:54 | Queue | Villager (Male) |
| 10:00 | Build | Palisade Wall |
| 10:07 | Queue | Militia |
| 10:14 | Build | House |
| 10:23 | Build | Farm |
| 10:24 | Build | Farm |
| 10:38 | Queue | Villager (Male) |
| 10:50 | Queue | Villager (Male) |
| 10:51 | Queue | Archer |
| 10:54 | Build | House |
| 11:00 | Queue | Villager (Male) |
| 11:02 | Build | Farm |
| 11:04 | Build | Farm |
| 11:11 | Queue | Skirmisher |
| 11:16 | Build | Lumber Camp |
| 11:17 | Queue | Villager (Male) |
| 11:28 | Build | House |
| 11:37 | Build | Farm |
| 11:50 | Queue | Skirmisher |
| 11:52 | Queue | Villager (Male) |
| 11:57 | Build | Farm |
| 12:00 | Build | House |
| 12:11 | Queue | Militia |
| 12:25 | Build | Farm |
| 12:31 | Queue | Militia |
| 13:03 | Queue | Villager (Male) |
| 13:06 | Queue | Archer |
| 13:09 | Build | Farm |
| 13:09 | Queue | Villager (Male) |
| 13:23 | Queue | Villager (Male) |
| 13:29 | Build | House |
| 13:46 | Queue | Militia |
| 13:59 | Queue | Villager (Male) |
| 14:04 | Queue | Militia |
| 14:30 | Build | House |
| 14:33 | Queue | Villager (Male) |
| 14:39 | Queue | Militia |
| 14:42 | Build | Farm |
| 14:43 | Queue | Villager (Male) |
| 14:44 | Build | Blacksmith |
| 14:47 | Queue | Militia |
| 14:51 | Build | Farm |
| 14:55 | Build | House |
| 15:04 | Research | Double-Bit Axe |
| 15:10 | Queue | Villager (Male) |
| 15:29 | Build | Farm |
| 15:32 | Research | Forging |
| 15:38 | Build | House |
| 15:39 | Queue | Villager (Male) |
| 15:40 | Queue | Villager (Male) |
| 15:57 | Build | Farm |
| 15:59 | Queue | Militia |
| 16:00 | Queue | Archer |
| 16:07 | Queue | Villager (Male) |
| 16:19 | Build | Farm |
| 16:20 | Build | Farm |
| 16:20 | Queue | Villager (Male) |
| 16:22 | Queue | Militia |
| 16:37 | Build | Farm |
| 16:37 | Queue | Villager (Male) |
| 16:53 | Build | Farm |
| 16:55 | Research | Scale Mail Armor |
| 16:59 | Queue | Villager (Male) |
| 17:00 | Queue | Archer |
| 17:06 | Build | Farm |
| 17:13 | Build | Farm |
| 17:16 | Queue | Militia |
| 17:21 | Build | House |
| 17:21 | Queue | Villager (Male) |
| 17:28 | Build | Farm |
| 17:37 | Queue | Villager (Male) |
| 18:00 | Research | Fletching |
| 18:00 | Research | Fletching |
| 18:07 | Build | Farm |
| 18:07 | Queue | Villager (Male) |
| 18:15 | Queue | Villager (Male) |
| 18:15 | Queue | Archer |
| 18:17 | Queue | Militia |
| 18:19 | Build | Farm |
| 18:21 | Build | Farm |
| 18:21 | Queue | Villager (Male) |
| 18:55 | Queue | Villager (Male) |
| 19:02 | Queue | Militia |
| 19:03 | Build | House |
| 19:09 | Queue | Villager (Male) |
| 19:12 | Queue | Archer |
| 19:16 | Research | Gold Mining |
| 19:23 | Build | House |
| 19:29 | Queue | Militia |
| 19:37 | Queue | Villager (Male) |
| 19:41 | Build | House |
| 19:42 | Build | Palisade Wall |
| 19:43 | Build | Palisade Wall |
| 19:45 | Queue | Villager (Male) |
| 19:47 | Queue | Archer |
| 20:06 | Queue | Villager (Male) |
| 20:07 | Queue | Militia |
| 20:18 | Queue | Militia |
| 20:19 | Build | House |
| 20:24 | Queue | Villager (Male) |
| 20:35 | Queue | Villager (Male) |
| 20:42 | Build | Watch Tower |
| 20:52 | Build | Mining Camp |
| 21:00 | Queue | Villager (Male) |
| 21:12 | Queue | Villager (Male) |
| 21:12 | Queue | Militia |
| 21:26 | Build | House |
Build order — Oni.Lewis
First 150 of 268 actions detected
| 0:00 | Queue | Villager (Male) |
| 0:00 | Queue | Villager (Male) |
| 0:01 | Build | House |
| 0:02 | Build | House |
| 0:13 | Queue | Villager (Male) |
| 0:20 | Queue | Villager (Male) |
| 1:16 | Queue | Villager (Male) |
| 1:40 | Queue | Villager (Male) |
| 2:14 | Queue | Villager (Male) |
| 2:14 | Queue | Villager (Male) |
| 2:46 | Queue | Villager (Male) |
| 2:53 | Queue | Villager (Male) |
| 2:55 | Build | Lumber Camp |
| 3:33 | Queue | Villager (Male) |
| 3:37 | Queue | Villager (Male) |
| 4:05 | Build | House |
| 4:08 | Queue | Villager (Male) |
| 4:26 | Queue | Villager (Male) |
| 5:08 | Queue | Villager (Male) |
| 5:17 | Queue | Villager (Male) |
| 5:31 | Queue | Villager (Male) |
| 5:31 | Queue | Villager (Male) |
| 5:32 | Queue | Villager (Male) |
| 5:40 | Build | Barracks |
| 5:41 | Queue | Villager (Male) |
| 5:56 | Queue | Villager (Male) |
| 6:02 | Queue | Villager (Male) |
| 6:16 | Research | Loom |
| 6:29 | Build | House |
| 6:40 | Research | Feudal Age |
| 6:55 | Queue | Militia |
| 6:57 | Build | House |
| 7:00 | Build | Palisade Wall |
| 7:14 | Queue | Militia |
| 7:33 | Queue | Villager (Male) |
| 7:34 | Build | Mill |
| 7:46 | Queue | Militia |
| 8:25 | Queue | Villager (Male) |
| 8:51 | Age | Feudal Age |
| 8:53 | Research | Man-at-Arms (upgrade) |
| 8:59 | Queue | Villager (Male) |
| 9:00 | Build | Blacksmith |
| 9:10 | Build | Mining Camp |
| 9:35 | Queue | Villager (Male) |
| 9:44 | Research | Scale Mail Armor |
| 9:46 | Queue | Villager (Male) |
| 9:57 | Build | Farm |
| 9:57 | Build | Farm |
| 10:04 | Queue | Villager (Male) |
| 10:10 | Queue | Militia |
| 10:14 | Queue | Villager (Male) |
| 10:14 | Queue | Villager (Male) |
| 10:47 | Queue | Villager (Male) |
| 10:51 | Queue | Villager (Male) |
| 10:55 | Build | Farm |
| 11:00 | Queue | Militia |
| 11:09 | Queue | Militia |
| 11:12 | Build | Farm |
| 11:13 | Build | Farm |
| 11:17 | Queue | Villager (Male) |
| 11:26 | Build | House |
| 11:30 | Build | Farm |
| 11:49 | Queue | Villager (Male) |
| 11:57 | Build | Farm |
| 12:05 | Queue | Militia |
| 12:09 | Build | Farm |
| 12:15 | Queue | Villager (Male) |
| 12:25 | Build | Farm |
| 12:32 | Queue | Villager (Male) |
| 12:36 | Queue | Militia |
| 12:45 | Queue | Villager (Male) |
| 12:53 | Queue | Villager (Male) |
| 13:08 | Queue | Villager (Male) |
| 13:13 | Build | Farm |
| 13:14 | Build | Farm |
| 13:16 | Build | House |
| 13:22 | Queue | Villager (Male) |
| 13:24 | Queue | Militia |
| 13:31 | Build | Farm |
| 13:37 | Queue | Villager (Male) |
| 13:38 | Build | House |
| 13:46 | Research | Forging |
| 13:48 | Queue | Villager (Male) |
| 14:02 | Queue | Villager (Male) |
| 14:08 | Queue | Villager (Male) |
| 14:13 | Build | Farm |
| 14:17 | Queue | Militia |
| 14:28 | Queue | Militia |
| 14:30 | Queue | Villager (Male) |
| 14:32 | Build | Farm |
| 14:39 | Queue | Militia |
| 14:44 | Build | Farm |
| 14:47 | Research | Double-Bit Axe |
| 14:48 | Queue | Villager (Male) |
| 14:57 | Queue | Militia |
| 15:05 | Queue | Villager (Male) |
| 15:21 | Queue | Villager (Male) |
| 15:21 | Queue | Villager (Male) |
| 15:22 | Build | Farm |
| 15:24 | Queue | Militia |
| 15:25 | Queue | Militia |
| 15:28 | Queue | Militia |
| 15:31 | Queue | Villager (Male) |
| 15:33 | Queue | Villager (Male) |
| 15:39 | Queue | Militia |
| 15:41 | Queue | Villager (Male) |
| 15:52 | Queue | Militia |
| 15:58 | Queue | Villager (Male) |
| 16:02 | Queue | Villager (Male) |
| 16:11 | Build | Barracks |
| 16:13 | Queue | Villager (Male) |
| 16:16 | Queue | Militia |
| 16:18 | Queue | Militia |
| 16:19 | Queue | Villager (Male) |
| 16:19 | Queue | Villager (Male) |
| 16:20 | Build | House |
| 16:24 | Build | House |
| 16:24 | Build | House |
| 16:25 | Queue | Militia |
| 16:30 | Queue | Militia |
| 16:32 | Queue | Villager (Male) |
| 16:44 | Research | Horse Collar |
| 16:48 | Queue | Militia |
| 16:48 | Queue | Militia |
| 16:51 | Queue | Militia |
| 16:53 | Queue | Villager (Male) |
| 17:01 | Queue | Militia |
| 17:02 | Queue | Villager (Male) |
| 17:12 | Queue | Militia |
| 17:13 | Queue | Militia |
| 17:17 | Queue | Villager (Male) |
| 17:18 | Build | Lumber Camp |
| 17:30 | Queue | Militia |
| 17:32 | Build | Farm |
| 17:41 | Queue | Villager (Male) |
| 17:45 | Build | Farm |
| 17:47 | Queue | Villager (Male) |
| 17:47 | Queue | Villager (Male) |
| 17:53 | Queue | Militia |
| 17:53 | Queue | Militia |
| 17:59 | Build | Farm |
| 18:04 | Build | House |
| 18:09 | Queue | Militia |
| 18:17 | Queue | Villager (Male) |
| 18:18 | Queue | Villager (Male) |
| 18:22 | Queue | Villager (Male) |
| 18:28 | Queue | Villager (Male) |
| 18:36 | Build | Farm |
| 18:40 | Build | Farm |
| 18:42 | Queue | Militia |
Match timeline
| 5:27 | mentalist_ · first_building Barracks |
| 5:40 | Oni.Lewis · first_building Barracks |
| 7:00 | Oni.Lewis · wall_segment Palisade Wall x3 |
| 8:39 | mentalist_ · wall_segment Palisade Wall x1 |
| 8:40 | mentalist_ · wall_segment Palisade Wall x1 |
| 8:42 | mentalist_ · wall_segment Palisade Wall x1 |
| 8:51 | Oni.Lewis · age_up feudal |
| 9:19 | mentalist_ · age_up feudal |
| 9:51 | mentalist_ · first_building Archery Range |
| 10:00 | mentalist_ · wall_segment Palisade Wall x1 |
| 19:42 | mentalist_ · wall_segment Palisade Wall x1 |
| 19:43 | mentalist_ · wall_segment Palisade Wall x1 |
| 22:35 | Oni.Lewis · first_market_sell 100 wood |
| 22:57 | Oni.Lewis · first_market_buy 100 food |
| 23:11 | Oni.Lewis · wall_segment Palisade Wall x1 |
| 25:36 | mentalist_ · first_market_sell 100 food |
| 25:54 | Oni.Lewis · age_up castle |
| 26:31 | mentalist_ · wall_segment Palisade Wall x1 |
| 27:10 | mentalist_ · resign |
[ AI ANALYSIS · 1 CREDIT ]
What really happened in this match?
Wolo.gg analyzes every decision: build order, eco, micro, common mistakes by bracket. Personalized analysis on WhatsApp or Discord in 30 seconds.
Civ guide
Gurjaras
Perfil
Jugador #9579739